 Dungeon Sprint DCSS version 0.16-a0-3803-gd4b2de5 (console) character file.

8294 Monkaria the Fencer (level 11, -7/105 HPs)
             Began as a Hill Orc Fighter on Jan 26, 2015.
             Was the Champion of Makhleb.
             Killed by divine providence
             ... invoked by a smoke demon
             ... summoned by an orc high priest
              (13 damage)
             ... in the Dungeon (Sprint IX: "|||||||||||||||||||||||||||||").
             The game lasted 00:08:34 (2285 turns).

Monkaria the Fencer (Hill Orc Fighter)              Turns: 2285, Time: 00:08:35

Health: -7/105     AC: 12    Str: 23    XL:     11   Next: 28%
Magic:  26/26      EV: 10    Int: 11    God:    Makhleb [******]
Gold:   1227       SH: 13    Dex: 13    Spells: 0 memorised, 10 levels left

rFire  . . .     SeeInvis .     p - +2 scimitar (flame)
rCold  . . .     Clarity  .     v - +0 ring mail {rPois}
rNeg   . . .     SustAb   .     c - +0 shield
rPois  +         Gourm    .     (no helmet)
rElec  .         Spirit   .     r - +0 cloak
rCorr  .         Warding  .     F - +0 pair of gloves
rMut   .         NoTele   +     q - +0 pair of boots
MR     .....                    (no amulet)
Stlth  +.........               u - +3 ring of dexterity
                                t - +3 ring of intelligence

@: not resistant to hostile enchantments, very unstealthy
A: no striking features
a: Minor Destruction, Lesser Servant of Makhleb, Major Destruction, Greater
Servant of Makhleb, Renounce Religion, Convert to Beogh


You were in the Dungeon.
You worshipped Makhleb.
Makhleb was exalted by your worship.
You were hungry.

You visited 1 branch You collected 1227 gold pieces.

Inventory:

Hand weapons
 p - a +2 scimitar of flaming (weapon)
Missiles
 w - a throwing net (quivered)
Armour
 a - a +2 ring mail of cold resistance
 c - a +0 shield (worn)
 q - a +0 pair of boots (worn)
 r - a +0 cloak (worn)
 s - a +1 scale mail
 v - a +0 ring mail of poison resistance (worn)
 F - a +0 pair of gloves (worn)
Jewellery
 t - a +3 ring of intelligence (left hand)
 u - a +3 ring of dexterity (right hand)
Magical devices
 o - a wand of cold (5)
Scrolls
 k - 4 scrolls of blinking
 m - 3 scrolls of remove curse
 n - 2 scrolls of amnesia
 A - a scroll of recharging
 B - a scroll of fog
 C - 2 scrolls of enchant weapon
Potions
 b - a potion of degeneration {unknown}
 e - a potion of might
 f - a potion of invisibility
 g - 3 potions of heal wounds
 h - a potion of haste
 i - 4 potions of magic
 j - 2 potions of berserk rage
 l - 5 potions of curing
 x - a potion of restore abilities
 z - a potion of cure mutation
Miscellaneous
 y - a phantom mirror
Comestibles
 d - 13 meat rations
 D - 40 fruits
 E - 12 bread rations
 G - a chunk of flesh


   Skills:
 + Level 12.4 Fighting
 * Level 17.0 Long Blades
 - Level 11.1 Armour
 - Level 11.3 Shields
 - Level 12.0 Invocations
 - Level 10.6 Evocations


You had 10 spell levels left.
You didn't know any spells.

Dungeon Overview and Level Annotations

Branches:
Dungeon (1/1)

Altars:
Cheibriados
Dithmenos
Elyvilon
Fedhas
Gozag
Kikubaaqudgha
Makhleb
Nemelex Xobeh
Okawaru
Qazlal
Ru
Sif Muna
Trog
Vehumet
Xom
Yredelemnul
Zin
The Shining One
Beogh
Jiyva
Lugonu

Shops:
D *?


Message History

Your balrug gestures at the smoke demon.
The sticky flame hits the smoke demon.
The smoke demon resists.
Things that are here:
a battleaxe; a chain mail Your balrug gestures at the smoke demon.
The fireball explodes!
The fireball engulfs the smoke demon.
The smoke demon resists.
What do you say? t - Shout!
Orders for allies: a - Attack new target. p - Attack previous target. r - Retreat! s - Stop attacking. w - Wait here. f - Follow me.
Anything else - Stay silent.
Gang up on whom?
Press: ? - help, Dir - move target cursor, f/p - orc high priest
Aim: an orc high priest, wielding a scimitar and wearing a leather armour (moderately wounded) Attack!
The smoke demon gestures at you. Something smites you!
You die...

▓▓▓▓▓▓▓▓▓▓▓▓▓▓▓▓▓▓▓▓▓▓▓▓▓▓▓▓▓▓▓▓▓
)).()..)..))[.)[@).2..3.o§§.2oo$$
▓▓▓▓▓▓▓▓▓▓▓▓▓▓▓▓▓▓▓▓▓▓▓▓▓▓▓▓▓▓▓▓▓
.................................
▓▓▓▓▓▓▓▓▓▓▓▓▓▓▓▓▓▓▓▓▓▓▓▓▓▓▓▓▓▓▓▓▓
.[.......'.........'...÷÷÷...†...
▓▓▓▓▓▓▓▓▓▓▓▓▓▓▓▓▓▓▓▓▓▓▓▓▓▓▓▓▓▓▓▓▓
.................................
▓▓▓▓▓▓▓▓▓▓▓▓▓▓▓▓▓▓▓▓▓▓▓▓▓▓▓▓▓▓▓▓▓
)....'_____________________'..|).


You could see an orc high priest, a smoke demon and a friendly balrug.

Vanquished Creatures
  Harold (D)
  Urug (D)
  3 orc high priests (D)
  A spiny frog (D)
  A basilisk (D)
  2 hungry ghosts (D)
  2 water moccasins (D)
  5 orc warriors (D)
  2 porcupines (D)
  A centaur (D)
  4 giant frogs (D)
  A crimson imp (D)
  2 orc priests (D)
  A worker ant (D)
  An iguana (D)
  2 orc wizards (D)
  3 adders (D)
  2 adder skeletons (D)
  5 orcs (D)
  2 giant cockroaches (D)
  2 kobolds (D)
  2 bats (D)
  A giant newt (D)
  A goblin (D)
  A jackal (D)
49 creatures vanquished.

Vanquished Creatures (collateral kills)
  A death yak (D)
  An orc high priest (D)
  4 orc knights (D)
  An oklob plant (D)
  A sixfirhy (D)
  A spiny frog (D)
  A smoke demon (D)
  A torpor snail (D)
  A boulder beetle (D)
  6 wolves (D)
  A chaos spawn (D)
  2 wargs (D)
  2 water moccasins (D)
  5 orc warriors (D)
  A porcupine (D)
  A giant frog (D)
  An orc priest (D)
  A river rat (D)
  An orc (D)
33 creatures vanquished.

Vanquished Creatures (others)
  A blizzard demon (D)
1 creature vanquished.

Grand Total: 83 creatures vanquished

Notes
Turn   | Place    | Note
--------------------------------------------------------------
     0 | D        | Monkaria, the Hill Orc Fighter, began the quest for the Orb.
     0 | D        | Reached XP level 1. HP: 19/19 MP: 1/1
    15 | D        | Reached skill level 4 in Fighting
    53 | D        | Noticed a crimson imp
    64 | D        | Reached skill level 6 in Fighting
    64 | D        | Reached XP level 2. HP: 8/30 MP: 2/2
   113 | D        | Found a glowing silver altar of Zin.
   113 | D        | Found a glowing golden altar of the Shining One.
   113 | D        | Found an ancient bone altar of Kikubaaqudgha.
   113 | D        | Found a basalt altar of Yredelemnul.
   113 | D        | Found a shimmering altar of Xom.
   113 | D        | Found a radiant altar of Vehumet.
   113 | D        | Found an iron altar of Okawaru.
   114 | D        | Found a burning altar of Makhleb.
   146 | D        | Killed a crimson imp
   146 | D        | Reached skill level 8 in Fighting
   146 | D        | Reached XP level 3. HP: 18/41 MP: 3/3
   163 | D        | Found a deep blue altar of Sif Muna.
   164 | D        | Found a bloodstained altar of Trog.
   165 | D        | Found a sparkling altar of Nemelex Xobeh.
   166 | D        | Found a white marble altar of Elyvilon.
   167 | D        | Found a roughly hewn altar of Beogh.
   168 | D        | Found a viscous altar of Jiyva.
   169 | D        | Found a corrupted altar of Lugonu.
   170 | D        | Found a blossoming altar of Fedhas.
   171 | D        | Became a worshipper of Makhleb the Destroyer
   172 | D        | Found a snail-covered altar of Cheibriados.
   173 | D        | Found a shadowy altar of Dithmenos.
   174 | D        | Found a stormy altar of Qazlal.
   175 | D        | Found an opulent altar of Gozag.
   176 | D        | Found a sacrificial altar of Ru.
   233 | D        | Noticed a giant frog
   233 | D        | Noticed an iguana
   233 | D        | Noticed a hungry ghost
   233 | D        | Noticed a giant frog
   239 | D        | Killed a giant frog
   239 | D        | Acquired Makhleb's first power
   239 | D        | Reached XP level 4. HP: 35/49 MP: 4/4
   239 | D        | Reached XP level 5. HP: 40/56 MP: 5/5
   242 | D        | Killed an iguana
   247 | D        | Killed a hungry ghost
   247 | D        | Acquired Makhleb's second power
   247 | D        | Reached skill level 11 in Long Blades
   247 | D        | Reached XP level 6. HP: 57/62 MP: 6/6
   254 | D        | Killed a giant frog
   254 | D        | Reached skill level 12 in Long Blades
   269 | D        | Noticed a water moccasin
   269 | D        | Noticed a hungry ghost
   269 | D        | Noticed a worker ant
   269 | D        | Noticed a centaur
   272 | D        | Killed a water moccasin
   272 | D        | Reached XP level 7. HP: 60/74 MP: 7/7
   275 | D        | Killed a hungry ghost
   275 | D        | Acquired Makhleb's third power
   275 | D        | Reached skill level 5 in Armour
   280 | D        | Killed a worker ant
   280 | D        | Acquired Makhleb's fourth power
   280 | D        | Reached skill level 13 in Long Blades
   284 | D        | Killed a centaur
   423 | D        | Noticed Harold
   443 | D        | Killed Harold
   443 | D        | Reached skill level 14 in Long Blades
   443 | D        | Reached XP level 8. HP: 73/82 MP: 8/8
   554 | D        | Noticed a spiny frog
   554 | D        | Noticed a giant frog
   554 | D        | Noticed a porcupine
   554 | D        | Noticed a giant frog
   554 | D        | Noticed a basilisk
   558 | D        | Noticed a water moccasin
   565 | D        | Killed a spiny frog
   565 | D        | Reached XP level 9. HP: 40/89 MP: 8/19
   568 | D        | Noticed a porcupine
   569 | D        | Killed a giant frog
   571 | D        | Acquired Makhleb's fifth power
   572 | D        | Killed a porcupine
   581 | D        | Killed a giant frog
   590 | D        | Killed a basilisk
   590 | D        | Reached skill level 10 in Invocations
   598 | D        | Killed a water moccasin
   600 | D        | Killed a porcupine
   726 | D        | Noticed a boulder beetle
   726 | D        | Noticed a spiny frog
   726 | D        | Noticed a porcupine
   726 | D        | Noticed an oklob plant
   726 | D        | Noticed a giant frog
   726 | D        | Noticed a death yak
   726 | D        | Noticed a water moccasin
   766 | D        | Killed a boulder beetle
   766 | D        | Reached skill level 5 in Shields
   767 | D        | Killed a porcupine
   769 | D        | Killed a spiny frog
  1200 | D        | Killed an oklob plant
  1204 | D        | Killed a giant frog
  1207 | D        | Killed a water moccasin
  1208 | D        | Noticed a water moccasin
  1208 | D        | Killed a water moccasin
  1209 | D        | Killed a death yak
  1209 | D        | Reached skill level 10 in Shields
  1209 | D        | Reached XP level 10. HP: 89/95 MP: 25/25
  1341 | D        | Noticed a wolf
  1341 | D        | Noticed a wolf
  1341 | D        | Noticed a wolf
  1341 | D        | Noticed a warg
  1341 | D        | Noticed a wolf
  1341 | D        | Noticed a warg
  1344 | D        | Killed a warg
  1347 | D        | Killed a warg
  1349 | D        | Noticed a wolf
  1349 | D        | Killed a wolf
  1352 | D        | Killed a wolf
  1354 | D        | Killed a wolf
  1355 | D        | Noticed a wolf
  1355 | D        | Killed a wolf
  1356 | D        | Killed a wolf
  1358 | D        | Killed a wolf
  1503 | D        | Noticed Urug
  1586 | D        | Killed Urug
  1586 | D        | Reached skill level 15 in Long Blades
  1833 | D        | Noticed an orc priest
  1833 | D        | Noticed an orc warrior
  1833 | D        | Noticed an orc knight
  1833 | D        | Noticed an orc priest
  1833 | D        | Noticed an orc warrior
  1833 | D        | Noticed an orc warrior
  1834 | D        | Killed an orc priest
  1847 | D        | Killed an orc knight
  1848 | D        | Noticed an orc wizard
  1851 | D        | Killed an orc warrior
  1858 | D        | Killed an orc warrior
  1861 | D        | Killed an orc warrior
  1861 | D        | Reached skill level 5 in Evocations
  1864 | D        | Noticed an orc wizard
  1864 | D        | Killed an orc priest
  1868 | D        | Noticed an orc warrior
  1868 | D        | Killed an orc wizard
  1880 | D        | Killed an orc warrior
  1883 | D        | Killed an orc wizard
  2010 | D        | Noticed an orc knight
  2010 | D        | Noticed an orc high priest
  2010 | D        | Noticed an orc warrior
  2010 | D        | Noticed an orc warrior
  2010 | D        | Noticed an orc knight
  2010 | D        | Noticed an orc warrior
  2011 | D        | Noticed a sixfirhy
  2017 | D        | Killed a sixfirhy
  2017 | D        | Killed an orc warrior
  2018 | D        | Killed an orc knight
  2021 | D        | Killed an orc high priest
  2023 | D        | Killed an orc warrior
  2032 | D        | Killed an orc knight
  2032 | D        | Killed an orc warrior
  2032 | D        | Killed an orc priest
  2033 | D        | Noticed an orc knight
  2035 | D        | Killed an orc knight
  2035 | D        | Reached skill level 10 in Evocations
  2039 | D        | Noticed an orc warrior
  2048 | D        | Killed an orc warrior
  2061 | D        | Noticed an orc warrior
  2073 | D        | Killed an orc warrior
  2082 | D        | Noticed an orc warrior
  2091 | D        | Killed an orc warrior
  2248 | D        | Found Nuhushru's Assorted Antiques.
  2248 | D        | Noticed an orc high priest
  2248 | D        | Noticed an orc high priest
  2248 | D        | Noticed an orc high priest
  2248 | D        | Noticed an orc high priest
  2248 | D        | Noticed an orc high priest
  2248 | D        | Noticed an orc knight
  2251 | D        | Noticed a rust devil
  2251 | D        | Noticed an orc knight
  2253 | D        | Killed an orc high priest
  2253 | D        | Reached skill level 16 in Long Blades
  2253 | D        | Reached XP level 11. HP: 85/102 MP: 26/26
  2254 | D        | Found Seump's Magic Scroll Shoppe.
  2256 | D        | Killed an orc high priest
  2258 | D        | Killed an orc high priest
  2271 | D        | an orc high priest changed into a torpor snail
  2274 | D        | Reached skill level 17 in Long Blades
  2282 | D        | HP: 5/105 [smoke demon/divine providence[an orc high priest] (16)]
  2285 | D        | Killed from afar by a smoke demon

Action                   |  1- 3 |  4- 6 |  7- 9 | 10-12 || total
-------------------------+-------+-------+-------+-------++-------
Melee: Long sword        |    77 |       |       |       ||    77
       Scimitar          |     6 |    18 |    66 |    65 ||   155
Invok: Greater Servant o |       |       |     2 |     5 ||     7
Evoke: Wand              |       |       |       |     2 ||     2
  Use: Potion            |     1 |       |     2 |       ||     3
  Eat: Chunk             |       |       |     1 |     5 ||     6
